 Dungeon Crawl Stone Soup version 0.28-a0-503-g83f2989fac (webtiles) character file.

Game seed: 13731072516021392142

68 bande the Shield-Bearer (level 4, 0/29 HPs)
             Began as a Gargoyle Fighter on Sept 20, 2021.
             Slain by an ogre (19 damage)
             ... on level 3 of the Dungeon.
             The game lasted 00:03:35 (2177 turns).

bande the Shield-Bearer (Gargoyle Fighter)          Turns: 2177, Time: 00:03:35

Health: 0/29       AC: 12    Str: 19    XL:     4   Next: 19%
Magic:  4/4        EV:  7    Int:  9    God:
Gold:   93         SH:  4    Dex: 10    Spells: 3/3 levels left

rFire   . . .      SeeInvis .   a - +0 war axe
rCold   . . .      Faith    .   c - +0 buckler
rNeg    + . .      Spirit   .   h - +0 chain mail
rPois   ∞          Reflect  .   e - +0 hat
rElec   +          Harm     .   (no cloak)
rCorr   .          Rampage  .   (no gloves)
Will    .....                   (no boots)
Stlth   ..........              (no amulet)
HPRegen 0.09/turn               (no ring)
MPRegen 0.09/turn               (no ring)

@: no status effects
A: sickness immunity, AC +3, negative energy resistance 1, electricity
resistance, torment resistance 1, petrification resistance
a: no special abilities


You were on level 3 of the Dungeon.
You visited 1 branch of the dungeon, and saw 3 of its levels.

You collected 93 gold pieces.

Inventory:

Hand Weapons
 a - a +0 war axe (weapon)
Armour
 c - a +0 buckler (worn)
 e - a +0 hat (worn)
 h - a +0 chain mail (worn)
Potions
 b - a potion of invisibility
 d - 2 potions of might
 g - a potion of flight {unknown}
 i - a potion of lignification {unknown}


   Skills:
 + Level 3.7 Fighting
 + Level 2.9 Axes
 + Level 3.6 Armour
 - Level 0.2 Dodging
 + Level 3.7 Shields


You had 3 spell levels left.
You didn't know any spells.
Your spell library was empty.

Dungeon Overview and Level Annotations

Branches:
Dungeon (3/15)

Altars:


Innate Abilities, Weirdness & Mutations

You are immune to sickness and miasma.
Your stone body is resilient. (AC +3)
You are immune to poison.
You resist negative energy. (rN+)
You are resistant to electric shocks. (rElec)
You are resistant to unholy torment.
You are immune to petrification.


Message History

Partly explored, can't reach some places.
You climb downwards.
There is a stone staircase leading up here.
As you read the scroll labelled ENIUHO MADAENN, it crumbles to dust.
You assume a fearsome visage.
Nothing appears to happen.
It was a scroll of fear.
You now have 82 gold pieces (gained 15).
A rat comes into view.
A rat is nearby!
You block the rat's attack.
You slash the rat!
You kill the rat!
No target in view!
No target in view!
No target in view!
No target in view!
No target in view!
Found a stone staircase leading down.
Found a chain mail.
No target in view!
No target in view!
No target in view!
No target in view!
No target in view!
No target in view!
No target in view!
No target in view!
You see here a +0 chain mail.
You now have 93 gold pieces (gained 11).
An ogre comes into view. It is wielding a +0 giant spiked club.
An ogre is nearby!
A ball python comes into view.
The ball python hisses angrily.
The ogre hits you with a +0 giant spiked club!
You barely miss the ogre. You block the ogre's attack.
You barely miss the ogre. You block the ogre's attack.
You hit the ogre but do no damage.
The ogre hits you with a +0 giant spiked club!!
Ouch! That really hurt!
You die...

#.####
#....#
####.# #.#
#.# . #.#
... #.#
.....###.#
.....SO@.#
.....#####
... #


You could see an ogre and a ball python.

Vanquished Creatures
  3 dart slugs
  An orc (D:2)
  2 ball pythons
  4 bats
  9 endoplasms
  8 giant cockroaches
  6 goblins
  2 hobgoblins (D:2)
  2 quokkas
  6 frilled lizards
  7 kobolds
  5 rats
55 creatures vanquished.

Vanquished Creatures (others)
  20 plants
20 creatures vanquished.

Grand Total: 75 creatures vanquished

Notes
Turn   | Place    | Note
-------+----------+-------------------------------------------
     0 | D:1      | bande the Gargoyle Fighter began the quest for the Orb.
     0 | D:1      | Reached XP level 1. HP: 14/14 MP: 1/1
   126 | D:1      | Reached XP level 2. HP: 17/19 MP: 2/2
   203 | D:1      | Found a faded altar of an unknown god.
   349 | D:1      | Reached XP level 3. HP: 23/23 MP: 3/3
  1530 | D:2      | Reached XP level 4. HP: 29/29 MP: 4/4
  2173 | D:3      | Noticed an ogre
  2177 | D:3      | Slain by an ogre

Illustrated notes

Levels and vault maps discovered:
D:1:      roderic_crop_circles_arrival_small, layout_basic,
          shapermc_ecumenical_altar_hornbeckon, palyth_stone_intersect
D:2:      layout_basic, lexackson_kobold_supper
D:3:      layout_basic, gammafunk_ghost_icy, minmay_misc_feat_chi,
          minmay_misc_feat_alley

Skill      XL: |  1  2 |
---------------+-------+-----
Axes           | 2 |  2.9
Fighting       | |  3.7
Armour         | |  3.6
Dodging        | |  0.2
Shields        | |  3.7

Action                   |  1- 3 |  4- 6 || total
-------------------------+-------+-------++-------
Melee: War axe           |   105 |    27 ||   132
  Use: Scroll            |     1 |     1 ||     2
Armor: Scale mail        |    37 |       ||    37
       Chain mail        |    18 |    17 ||    35
Dodge: Dodged            |    53 |     8 ||    61
Block: Buckler           |    20 |     8 ||    28

Table legend: (Time is in decaauts)
 A = Elapsed time spent in this place.
 B = Non-inter-level travel time spent in this place.
 C = Inter-level travel time spent in this place.
 D = Time resting spent in this place.
 E = Time spent auto-exploring this place.
 F = Levels seen in this place.
 G = Mean time per level.
                   A        B        C        D        E       F      G
               +--------+--------+--------+--------+--------+-----+--------+
         Total |   2231 |   2209 |     22 |      0 |   1791 |   3 |  743.7 |
       Dungeon |   2231 |   2209 |     22 |      0 |   1791 |   3 |  743.7 |
               +--------+--------+--------+--------+--------+-----+--------+

Top non-repeatable levels by time:
     D:2: 1287 daAuts
     D:1: 843 daAuts
     D:3: 99 daAuts
